AoeStats
← JamesdoXD3

Arabia

510182100Analyzed
1v1 RM · 4d ago on Sep 29, 2026· 41m 26s· 2 players
Game mode
Random Map
Map size
Tiny (2 player)
Population
200
Speed
Normal
Resources
Standard
Victory
Conquest
Starting age
Dark Age
Ending age
Imperial Age
RankedLock teamsTeams togetherTeam positionsShared explorationLock speedFull tech treeHidden civsTurbo modeCheats
Victory
Defeat
🇨🇴 Lithuanians · Colombia
1189
+18
🇳🇱 Danes · Netherlands
1232
-18
JamesdoXD3
4:01 Loom
10:16 Feudal Age
13:22 Town Watch
20:15 Castle Age
18:28 Double-Bit Axe
18:58 Horse Collar
19:51 Forging
20:26 Bloodlines
21:02 Husbandry
24:25 Bow Saw
24:18 Heavy Plow
24:56 Gold Mining
28:01 Scale Barding Armor
28:58 Wheelbarrow
30:39 Hand Cart
30:43 Town Patrol
35:23 Imperial Age
33:27 Stone Mining
33:07 Light Cavalry
34:59 Thumb Ring
34:45 Fletching
34:56 Padded Archer Armor
35:11 Padded Archer Armor
35:48 Iron Casting
37:42 Chemistry
36:56 Winged Hussar
38:46 Careening
Hakkelaar
6:47 Loom
9:46 Feudal Age
10:07 Man-at-Arms
11:40 Arson
17:05 Horse Collar
17:12 Double-Bit Axe
22:21 Castle Age
20:46 Fletching
22:21 Forging
23:04 Scale Mail Armor
24:01 Bow Saw
24:26 Elite Skirmisher
25:04 Bodkin Arrow
25:09 Padded Archer Armor
25:52 Pikeman
26:56 Squires
33:39 Stone Mining
35:08 Gambesons
36:21 Iron Casting
36:14 Chain Mail Armor
38:36 Wheelbarrow
Connection lost

Rejoining the realm…

Still unreachable

The connection could not be restored.

Session expired

The server has moved on; the page needs a fresh start.